[Event "Titled Tuesday Blitz March 28 Late 2023"]
[White "Pirvulescu, Ekaterina"]
[Black "Cuenca Jimenez, Jose Fernando"]
[WhiteFideId "13506374"]
[BlackFideId "2255570"]
[WhiteElo "2006"]
[BlackElo "2429"]
[Result "0-1"]
[Round "04"]
[TimeControl "180+2"]
[Date "2023.03.28"]
[WhiteClock "0:00:33"]
[BlackClock "0:00:37"]

1. e4 d6 2. d4 Nf6 3. Nc3 e5 4. Nf3 Nbd7 5. Bc4 Be7 6. a4 O-O 7. O-O c6 8. a5 Rb8 9. Re1 b5 10. axb6 axb6 11. d5 b5 12. dxc6 bxc4 13. cxd7 Bxd7 14. Nd5 Nxd5 15. Qxd5 Be6 16. Qd1 Qc7 17. c3 f6 18. Qe2 d5 19. exd5 Bxd5 20. Be3 Rb7 21. Red1 Be6 22. Ra2 Bf5 23. Nd2 Bd3 24. Qf3 Rfb8 25. h3 Rxb2 26. Ra7 R2b7 27. Rda1 h6 28. Rxb7 Qxb7 29. Qxb7 Rxb7 30. Ra8+ Kf7 31. Rc8 Ke6 32. Nxc4 Kd7 0-1


[Site "https://www.chess.com"]

[Event "Titled Tuesday Blitz March 28 Late 2023"]
[White "Rose, Felix"]
[Black "Sarana, Alexey"]
[WhiteFideId "5105722"]
[BlackFideId "24133795"]
[WhiteElo "2039"]
[BlackElo "2714"]
[Result "0-1"]
[Round "04"]
[TimeControl "180+2"]
[Date "2023.03.28"]
[WhiteClock "0:00:09"]
[BlackClock "0:01:32"]

1. e4 e5 2. Nf3 Nc6 3. Bc4 Nf6 4. d3 d5 5. exd5 Nxd5 6. O-O Bg4 7. h3 Bh5 8. Re1 Qd6 9. g4 Bg6 10. d4 O-O-O 11. dxe5 Qc5 12. Qe2 h5 13. c3 hxg4 14. hxg4 Be7 15. b4 Qb6 16. Bxd5 Rxd5 17. Be3 Qa6 18. Qxa6 bxa6 19. Bf4 Rd3 20. Kg2 a5 21. a3 Nd8 22. Nbd2 Ne6 23. Be3 Rxc3 24. bxa5 a6 25. Rec1 Rxc1 26. Rxc1 Bxa3 27. Rc4 Rd8 28. Ne4 Rd5 29. Nd6+ Kd7 30. Nf5 Rxa5 31. Nxg7 Nxg7 32. Nd4 Ne6 33. Nf5 Bf8 34. f4 Ra3 35. Kf3 Bc5 36. Ke4 Rxe3+ 37. Kd5 c6# 0-1


[Site "https://www.chess.com"]

[Event "Titled Tuesday Blitz March 28 Late 2023"]
[White "Kramnik, Vladimir"]
[Black "Di Berardino, Diego Rafael"]
[WhiteFideId "4101588"]
[BlackFideId "2105446"]
[WhiteElo "2712"]
[BlackElo "2432"]
[Result "1-0"]
[Round "04"]
[TimeControl "180+2"]
[Date "2023.03.28"]
[WhiteClock "0:00:55"]
[BlackClock "0:00:01"]

1. Nf3 Nf6 2. g3 g6 3. Bg2 Bg7 4. O-O O-O 5. c4 c5 6. Nc3 d6 7. d4 Nc6 8. dxc5 dxc5 9. Bf4 Nd4 10. Qc1 Ne4 11. Nxd4 Nxc3 12. bxc3 cxd4 13. cxd4 Qxd4 14. Rb1 Bg4 15. Be3 Qe5 16. Rxb7 Bxe2 17. Re1 Qh5 18. h3 Rac8 19. g4 Bxg4 20. hxg4 Qxg4 21. c5 Rfd8 22. Rxe7 Rd5 23. Re4 Qh5 24. c6 Be5 25. Bf4 Bxf4 26. Qxf4 Rg5 27. Re5 Rxe5 28. Qxe5 Qg4 29. Qe4 Qg5 30. Qd5 1-0


[Site "https://www.chess.com"]

[Event "Titled Tuesday Blitz March 28 Late 2023"]
[White "Defend1r"]
[Black "Ashraf, Artin"]
[BlackFideId "22514805"]
[WhiteElo "2547"]
[BlackElo "2188"]
[Result "0-1"]
[Round "04"]
[TimeControl "180+2"]
[Date "2023.03.28"]
[WhiteClock "0:00:13"]
[BlackClock "0:00:10"]

1. e4 c5 2. Nf3 d6 3. c3 Nf6 4. h3 g6 5. Bd3 Bg7 6. Bc2 O-O 7. d4 cxd4 8. cxd4 Nc6 9. Nc3 e5 10. O-O exd4 11. Nxd4 Nxe4 12. Nxc6 Nxc3 13. Nxd8 Nxd1 14. Nxf7 Nxb2 15. Nh6+ Kh8 16. Rb1 Nc4 17. Rd1 b6 18. Be4 Rb8 19. Bd5 Ne5 20. Bg5 Bf6 21. Bxf6+ Rxf6 22. g4 g5 23. Nf5 Bxf5 24. gxf5 Rxf5 25. Be4 Rf6 26. Kg2 Rbf8 27. Rb2 Nc4 28. Re2 Re8 29. Rd3 Rfe6 30. f3 Ne5 31. Rd5 Ng6 32. Red2 Nf4+ 33. Kg3 Nxd5 34. Rxd5 h6 35. h4 Rg8 36. h5 Rf6 37. Kg4 Rgf8 38. Kg3 Kg7 39. Rd3 R8f7 40. Bg6 Rd7 41. Be4 d5 42. Bg6 Rxg6 43. hxg6 Kxg6 44. Kg4 h5+ 45. Kg3 d4 46. f4 g4 47. Kh4 Kf5 48. Rd1 d3 49. Kxh5 Rh7# 0-1


[Site "https://www.chess.com"]

[Event "Titled Tuesday Blitz March 28 Late 2023"]
[White "Gokerkan, Cem Kaan"]
[Black "Klenburg, Michael"]
[WhiteFideId "6336760"]
[BlackFideId "14102072"]
[WhiteElo "2365"]
[BlackElo "2396"]
[Result "0-1"]
[Round "04"]
[TimeControl "180+2"]
[Date "2023.03.28"]
[WhiteClock "0:00:01"]
[BlackClock "0:00:09"]

1. e4 d6 2. d4 Nf6 3. Nc3 g6 4. Be3 c6 5. Qd2 Nbd7 6. O-O-O b5 7. f3 Qa5 8. Kb1 Bg7 9. Bh6 Bxh6 10. Qxh6 Nb6 11. e5 Nfd5 12. Nxd5 Nxd5 13. Qg7 Rf8 14. Ne2 Be6 15. Nc1 dxe5 16. dxe5 O-O-O 17. Bd3 h5 18. Nb3 Qb6 19. Qh6 a5 20. Be4 c5 21. Bxd5 Bxd5 22. Qe3 Bxb3 23. axb3 Qc6 24. Rd3 Rxd3 25. cxd3 Kb7 26. Rc1 Rc8 27. g4 Qd5 28. Rc3 Kb6 29. gxh5 gxh5 30. f4 Rg8 31. f5 Rg2 32. Ka2 a4 33. Qh6+ Ka5 34. Qf8 Kb4 35. Qh6 axb3+ 36. Ka1 Qa8+ 37. Kb1 Qa2+ 38. Kc1 Qa1# 0-1


[Site "https://www.chess.com"]

[Event "Titled Tuesday Blitz March 28 Late 2023"]
[White "Domingo Nunez, Ruben"]
[Black "Baches Garcia, Guillermo"]
[WhiteFideId "22245570"]
[BlackFideId "2209764"]
[WhiteElo "2404"]
[BlackElo "2474"]
[Result "1/2-1/2"]
[Round "04"]
[TimeControl "180+2"]
[Date "2023.03.28"]
[WhiteClock "0:00:14"]
[BlackClock "0:00:12"]

1. b3 Nf6 2. Bb2 g6 3. e3 Bg7 4. Nf3 O-O 5. Be2 c5 6. O-O Nc6 7. c4 d5 8. cxd5 Nxd5 9. Bxg7 Kxg7 10. d4 cxd4 11. Nxd4 Nxd4 12. Qxd4+ Nf6 13. Qe5 Be6 14. Na3 Rc8 15. Rfd1 Qc7 16. Qxc7 Rxc7 17. Nb5 Rc5 18. Nxa7 Ra8 19. Nb5 Rc2 20. Nd4 Rcxa2 21. Rxa2 Rxa2 22. Nxe6+ fxe6 23. Bc4 Kf7 24. f3 Rb2 25. Rd3 Nd5 26. h4 b5 27. Bxb5 Nb4 28. Rd4 Rxb3 29. Rf4+ Kg7 30. Be8 Nd5 31. Rf7+ Kg8 32. e4 Ne3 33. Rxe7 Kf8 34. Rxe6 Rb2 35. g4 Ng2 36. h5 Nh4 37. hxg6 hxg6 38. Bxg6 Nxf3+ 39. Kf1 Kg7 40. Bf5 Rd2 41. Rg6+ Kf7 42. Ra6 Nh2+ 43. Ke1 Nf3+ 44. Kf1 Nh2+ 45. Kg1 Nf3+ 46. Kf1 1/2-1/2


[Site "https://www.chess.com"]

[Event "Titled Tuesday Blitz March 28 Late 2023"]
[White "Rytenko, Vsevolod"]
[Black "Vaglio Munoz, Jaime"]
[WhiteFideId "14133040"]
[BlackFideId "6500145"]
[WhiteElo "2262"]
[BlackElo "2199"]
[Result "0-1"]
[Round "04"]
[TimeControl "180+2"]
[Date "2023.03.28"]
[WhiteClock "0:00:01"]
[BlackClock "0:00:08"]

1. e4 d6 2. Nc3 Nf6 3. f4 d5 4. e5 d4 5. exf6 dxc3 6. fxg7 cxd2+ 7. Qxd2 Qxd2+ 8. Bxd2 Bxg7 9. O-O-O Nc6 10. h3 Be6 11. a3 O-O-O 12. Nf3 h6 13. Bb5 Bd5 14. Rhf1 a6 15. Bd3 Nd4 16. Nxd4 Bxd4 17. Rfe1 e6 18. Be4 Bf2 19. Re2 Bg3 20. Bxd5 Rxd5 21. Rf1 Rf5 22. Rf3 Rg8 23. c3 h5 24. Kc2 h4 25. c4 Rd8 26. Be1 Bxe1 27. Rxe1 Rd4 28. Kc3 Rfxf4 29. Rxf4 Rxf4 30. Re2 c5 31. b4 cxb4+ 32. axb4 Kc7 33. Re3 Rf2 34. g3 hxg3 35. Rxg3 Rf4 36. Kd3 b6 37. Kc3 Kc6 38. Kb3 e5 39. Re3 f6 40. Rg3 a5 41. bxa5 bxa5 42. Rg8 Rf3+ 43. Ka4 Rxh3 44. Kxa5 e4 45. Rc8+ Kd7 46. Rf8 Ke7 47. Rc8 Rb3 0-1


[Site "https://www.chess.com"]

[Event "Titled Tuesday Blitz March 28 Late 2023"]
[White "Urbina Perez, Juan Antonio"]
[Black "Melikyan, Gnel"]
[WhiteFideId "2217368"]
[BlackFideId "54109990"]
[WhiteElo "2197"]
[BlackElo "2138"]
[Result "1-0"]
[Round "04"]
[TimeControl "180+2"]
[Date "2023.03.28"]
[WhiteClock "0:00:01"]
[BlackClock "0:00:08"]

1. d4 Na6 2. Nf3 c5 3. d5 d6 4. a4 Nc7 5. Nc3 b6 6. e4 a6 7. Nd2 Bd7 8. Bd3 b5 9. O-O g6 10. f4 Bg7 11. Nf3 Nf6 12. e5 Nfxd5 13. Nxd5 Nxd5 14. exd6 e6 15. Be4 Bc6 16. Ne5 Qxd6 17. axb5 axb5 18. Rxa8+ Bxa8 19. c4 bxc4 20. Qa4+ Ke7 21. Nxc4 Bd4+ 22. Kh1 Qd7 23. Qd1 f6 24. Qe2 Kf7 25. Re1 Rb8 26. h4 h5 27. Qc2 f5 28. Bf3 Nb4 29. Qe2 Bxf3 30. Qxf3 Qd5 31. Qe2 Nc6 32. Be3 Rb3 33. Bxd4 Rh3+ 34. Kg1 Qxd4+ 35. Ne3 Rxh4 36. g3 Rg4 37. Kh2 Nd8 38. Nxg4 hxg4 39. Qc2 Nc6 40. Rd1 Qh8+ 41. Kg2 Qa8 42. Kg1 Nd4 43. Qxc5 Ne2+ 44. Kf1 Qf3+ 45. Ke1 Nxg3 46. Rd7+ Kg8 47. Qc8# 1-0


[Site "https://www.chess.com"]

[Event "Titled Tuesday Blitz March 28 Late 2023"]
[White "Ismagilov, Damir"]
[Black "Foerster-Yialamas, Lucas"]
[WhiteFideId "34199982"]
[BlackFideId "30901774"]
[WhiteElo "2078"]
[BlackElo "2067"]
[Result "1-0"]
[Round "04"]
[TimeControl "180+2"]
[Date "2023.03.28"]
[WhiteClock "0:00:58"]
[BlackClock "0:00:11"]

1. d4 Nf6 2. Bf4 g6 3. e3 Bg7 4. c4 d6 5. Nc3 O-O 6. h3 Nfd7 7. Nf3 e5 8. Bh2 exd4 9. exd4 Re8+ 10. Be2 Nc6 11. O-O b6 12. Re1 Bb7 13. d5 Nce5 14. Nd4 Nc5 15. b4 Ncd7 16. Qd2 Qf6 17. Ndb5 Rec8 18. f4 Nxc4 19. Bxc4 a6 20. Rac1 axb5 21. Nxb5 Ba6 22. Kh1 Nf8 23. Bg1 Bxb5 24. Bxb5 Qb2 25. Qxb2 Bxb2 26. Rc2 Bf6 27. a4 h6 28. Rec1 Bd8 29. Bxb6 g5 30. Bxc7 Bxc7 31. Rxc7 Rxc7 32. Rxc7 gxf4 33. a5 Ng6 34. a6 Ne5 35. a7 Kh7 36. Bc6 Nxc6 37. dxc6 Kg6 38. b5 d5 39. b6 d4 40. b7 Re8 41. b8=Q Re1+ 42. Kh2 d3 43. Qg8+ 1-0


[Site "https://www.chess.com"]

[Event "Titled Tuesday Blitz March 28 Late 2023"]
[White "Gatterer, Florian"]
[Black "Kavutskiy, Konstantin"]
[WhiteFideId "811688"]
[BlackFideId "2026384"]
[WhiteElo "2221"]
[BlackElo "2369"]
[Result "1/2-1/2"]
[Round "04"]
[TimeControl "180+2"]
[Date "2023.03.28"]
[WhiteClock "0:00:05"]
[BlackClock "0:00:11"]

1. d4 Nf6 2. Nf3 g6 3. g3 Bg7 4. Bg2 O-O 5. O-O d6 6. a4 a5 7. Nc3 d5 8. Bf4 c6 9. h3 Na6 10. Ne5 h5 11. Kh2 Bf5 12. Qd2 Nb4 13. Rac1 Nd7 14. Nxd7 Qxd7 15. f3 Be6 16. g4 h4 17. Bh6 Qd6+ 18. Bf4 Qd7 19. Bh6 Rfe8 20. Bxg7 Kxg7 21. f4 f6 22. e3 Bf7 23. Qf2 Rh8 24. e4 dxe4 25. Nxe4 Rad8 26. Rcd1 b6 27. c3 Nd5 28. Kh1 Nc7 29. Nd2 Bd5 30. Nf3 Ne6 31. f5 Bxf3 32. Bxf3 Ng5 33. Bg2 Qd6 34. fxg6 Qg3 35. Rde1 Rd7 36. Qxg3 hxg3 37. Kg1 Nxh3+ 38. Bxh3 Rxh3 39. Kg2 Rh2+ 40. Kxg3 Rxb2 41. Rf2 Rb3 42. Re3 Kxg6 43. Rff3 Rb2 44. Kf4 Ra2 45. g5 Rxa4 46. gxf6 exf6 47. Rg3+ Kf7 48. Rh3 Rd8 49. Rh7+ Kg6 50. Reh3 1/2-1/2


[Site "https://www.chess.com"]

[Event "Titled Tuesday Blitz March 28 Late 2023"]
[White "Spata, German"]
[Black "Lorenzo De La Riva, Lazaro"]
[WhiteFideId "113026"]
[BlackFideId "2268809"]
[WhiteElo "2238"]
[BlackElo "2294"]
[Result "1-0"]
[Round "04"]
[TimeControl "180+2"]
[Date "2023.03.28"]
[WhiteClock "0:00:08"]
[BlackClock "0:00:19"]

1. c4 c6 2. g3 d5 3. Bg2 Nf6 4. Nf3 e6 5. b3 Be7 6. O-O O-O 7. Bb2 a5 8. d3 Nbd7 9. a3 b5 10. cxb5 cxb5 11. Nc3 Qb6 12. e4 Bb7 13. e5 Ne8 14. d4 Nc7 15. Ne2 Rfc8 16. h4 h6 17. h5 a4 18. b4 Qa7 19. Ne1 Nb6 20. Nd3 Nc4 21. Bc1 Na6 22. Nc5 Nxc5 23. dxc5 d4 24. Nxd4 Bxg2 25. Kxg2 Rd8 26. Qg4 Nxe5 27. Qe4 Rd5 28. Bf4 f5 29. Qe3 Rxd4 30. Qxd4 Qb7+ 31. f3 Nc4 32. Rae1 Bf6 33. Qf2 e5 34. Bc1 Rd8 35. Rd1 Re8 36. Qc2 e4 37. fxe4 Rxe4 38. Kh2 Qe7 39. Rf2 Be5 40. Qd3 Kh7 41. Rxf5 Re2+ 42. Rf2+ Kh8 43. Rxe2 Qf7 44. Qd8+ Kh7 45. Qd3+ Kh8 46. Kg2 Qxh5 47. Qf3 Qg6 48. Rd8+ Kh7 49. Qe4 Bf6 50. Qxg6+ Kxg6 51. c6 Bxd8 52. Re8 Bb6 53. Bf4 Kf7 54. Rb8 Ke6 55. c7 Bxc7 56. Bxc7 Nxa3 57. Bf4 Kd5 58. Bc1 Nb1 59. Rxb5+ Kc4 60. Rb8 Nc3 61. Bd2 Nb5 62. Rc8+ Kb3 63. Rc5 Nd4 64. b5 a3 65. b6 Ne6 66. Rb5+ Kc4 67. Rb4+ Kc5 68. b7 a2 69. Ra4 Kb5 70. Rxa2 1-0


[Site "https://www.chess.com"]

[Event "Titled Tuesday Blitz March 28 Late 2023"]
[White "Panesso Rivera, Henry"]
[Black "Itkis, Boris"]
[WhiteFideId "4402707"]
[BlackFideId "1209167"]
[WhiteElo "2345"]
[BlackElo "2216"]
[Result "0-1"]
[Round "04"]
[TimeControl "180+2"]
[Date "2023.03.28"]
[WhiteClock "0:00:21"]
[BlackClock "0:01:12"]

1. Nf3 d5 2. e3 c5 3. d4 cxd4 4. exd4 Nc6 5. Ne5 Nf6 6. Bb5 Bd7 7. Nxd7 Nxd7 8. O-O e6 9. c3 Bd6 10. Nd2 O-O 11. Nf3 a6 12. Bd3 b5 13. Re1 h6 14. Be3 b4 15. Qd2 bxc3 16. bxc3 Qf6 17. Rab1 Rab8 18. Bxa6 Na5 19. Qc2 Nb6 20. Nd2 Qd8 21. g3 Qc7 22. Qd3 Ra8 23. Rec1 Ra7 24. Qb5 Nbc4 25. Nxc4 Nxc4 26. Rb3 Rfa8 27. Bb7 Rb8 28. Rcb1 Na5 29. R3b2 Raxb7 30. Qe2 Nc4 31. Rxb7 Rxb7 32. Rxb7 Qxb7 33. Kg2 Qb2 34. Qd1 0-1


[Site "https://www.chess.com"]

[Event "Titled Tuesday Blitz March 28 Late 2023"]
[White "Poliakova, Varvara"]
[Black "Kohler, Aran"]
[WhiteFideId "13518313"]
[BlackFideId "1002856"]
[WhiteElo "2075"]
[BlackElo "2308"]
[Result "1-0"]
[Round "04"]
[TimeControl "180+2"]
[Date "2023.03.28"]
[WhiteClock "0:01:39"]
[BlackClock "0:00:22"]

1. e4 c6 2. d4 d5 3. Nd2 dxe4 4. Nxe4 Bf5 5. Ng3 Bg6 6. h4 h6 7. Nh3 e6 8. Nf4 Bh7 9. c3 Nf6 10. Bd3 Bd6 11. Nfh5 O-O 12. Bg5 Nbd7 13. Bxh7+ Kxh7 14. Qf3 Bxg3 15. fxg3 Qa5 16. Nxf6+ Nxf6 17. Bxf6 gxf6 18. Qxf6 Qf5 19. Qxf5+ exf5 20. O-O Kg6 21. Rae1 Rfe8 22. Kf2 Re6 23. Rxe6+ fxe6 24. Kf3 Kf6 25. g4 Rg8 26. gxf5 exf5 27. Re1 b5 28. Re5 Rg4 29. g3 Rg8 30. Rc5 Rc8 31. Kf4 Ke6 32. Rxf5 1-0


[Site "https://www.chess.com"]

[Event "Titled Tuesday Blitz March 28 Late 2023"]
[White "Freitag, Manfred"]
[Black "Wu, Sibo"]
[WhiteFideId "1602004"]
[BlackFideId "8606048"]
[WhiteElo "2275"]
[BlackElo "2280"]
[Result "1-0"]
[Round "04"]
[TimeControl "180+2"]
[Date "2023.03.28"]
[WhiteClock "0:02:54"]
[BlackClock "0:01:44"]

1. e4 c5 2. Nf3 Nc6 3. d4 cxd4 4. Nxd4 Nf6 5. Nc3 e5 6. Ndb5 d6 7. Bg5 a6 8. Na3 b5 9. Bxf6 gxf6 10. Nd5 Bg7 11. Bd3 Ne7 12. Nxe7 Qxe7 13. O-O f5 14. c4 O-O 15. Qf3 bxc4 16. Nxc4 d5 17. exd5 e4 18. Qe3 Qd8 19. Bc2 Rb8 20. Rad1 Bxb2 21. Qg3+ 1-0


[Site "https://www.chess.com"]

[Event "Titled Tuesday Blitz March 28 Late 2023"]
[White "Fernandez Sanchez, Mario Andres"]
[Black "Adan Bermudez, Sergio"]
[WhiteFideId "6501621"]
[BlackFideId "2292726"]
[WhiteElo "2050"]
[BlackElo "2292"]
[Result "0-1"]
[Round "04"]
[TimeControl "180+2"]
[Date "2023.03.28"]
[WhiteClock "0:00:38"]
[BlackClock "0:00:52"]

1. d4 d5 2. Bf4 c5 3. e3 cxd4 4. exd4 Nc6 5. c3 Bf5 6. Nd2 Nf6 7. Ngf3 h6 8. Qb3 Qb6 9. Qxb6 axb6 10. Bb5 e6 11. O-O Be7 12. Rfe1 O-O 13. Ne5 Rfc8 14. a3 Na5 15. h3 g5 16. Bh2 Bc2 17. Bd3 Bxd3 18. Nxd3 b5 19. Be5 Nc4 20. Nxc4 bxc4 21. Nb4 Ne4 22. f3 Nd2 23. Nc2 f6 24. Bh2 Kf7 25. Re2 Nb3 26. Rae1 Rc6 27. Ne3 Bf8 28. Ng4 h5 29. Nf2 Raa6 30. Nd1 Rab6 31. Kf2 Nc1 32. Rd2 Nd3+ 33. Rxd3 cxd3 34. Ke3 Bd6 35. Bxd6 Rxd6 36. Kxd3 Rbc6 37. b4 b5 38. Nb2 Ra6 39. Ra1 Rd7 40. a4 bxa4 41. Rxa4 Rda7 42. Rxa6 Rxa6 43. b5 Ra2 44. Kc2 Ke7 45. Kb3 Ra1 46. Nd3 Kd6 47. f4 Rb1+ 48. Ka4 h4 49. fxg5 fxg5 50. Ne5 Rb2 51. Nf7+ Kd7 52. Nxg5 Rxg2 53. Nf3 Rg3 54. Nxh4 Rxc3 55. Ng6 Rc4+ 56. Ka5 Rxd4 57. Ka6 Ra4+ 58. Kb7 Kd6 59. b6 d4 60. Nf4 e5 61. Nd3 e4 62. Nb2 Rb4 63. Nd1 e3 64. Ka7 e2 0-1


[Site "https://www.chess.com"]

[Event "Titled Tuesday Blitz March 28 Late 2023"]
[White "Vedder, Richard"]
[Black "Makarian, Rudik"]
[WhiteFideId "1004166"]
[BlackFideId "44105681"]
[WhiteElo "2168"]
[BlackElo "2436"]
[Result "0-1"]
[Round "04"]
[TimeControl "180+2"]
[Date "2023.03.28"]
[WhiteClock "0:02:34"]
[BlackClock "0:02:43"]

1. d4 Nf6 2. c4 g6 3. Nc3 Bg7 4. e4 d6 5. Nf3 O-O 6. Be2 e5 7. O-O Na6 8. d5 Nc5 9. Qc2 a5 10. Bg5 h6 11. Be3 Ng4 12. Bxc5 dxc5 13. h3 Nf6 14. Ne1 Ne8 15. Nd3 b6 16. Qd2 Nd6 17. b3 Qe7 18. a4 Bd7 19. Nb5 Bxb5 20. cxb5 Nxe4 21. Qe3 Nd6 22. Nb2 e4 23. Rab1 Kh7 24. Nc4 f5 25. f4 Bd4 0-1


[Site "https://www.chess.com"]

[Event "Titled Tuesday Blitz March 28 Late 2023"]
[White "Tymrakiewicz, Rafal"]
[Black "Baskakov, Egor"]
[WhiteFideId "1108832"]
[BlackFideId "24197866"]
[WhiteElo "2151"]
[BlackElo "2212"]
[Result "0-1"]
[Round "04"]
[TimeControl "180+2"]
[Date "2023.03.28"]
[WhiteClock "0:00:03"]
[BlackClock "0:00:09"]

1. e4 c5 2. d4 cxd4 3. c3 dxc3 4. Nxc3 Nc6 5. Nf3 g6 6. Bc4 Bg7 7. e5 Nh6 8. O-O O-O 9. Bf4 Nf5 10. g4 Nh6 11. h3 Kh8 12. Qd2 Ng8 13. Rad1 b6 14. Ne4 f6 15. exf6 Nxf6 16. Neg5 Qe8 17. Rfe1 Bb7 18. a3 Rc8 19. Ba2 e6 20. Bd6 Rg8 21. b4 h6 22. Ne4 Nxe4 23. Rxe4 Ne7 24. Re3 Nd5 25. Rd3 Nc3 26. Rxc3 Rxc3 27. Be5 Kh7 28. Qxc3 Bxf3 29. Qxf3 Bxe5 30. Bb1 Rf8 31. Qe4 Qf7 32. f4 Bg7 33. Rxd7 Qxd7 34. Qxg6+ Kg8 35. Qh7+ Kf7 36. Qg6+ Kg8 37. Qh7+ Kf7 38. Qg6+ Ke7 39. Qxg7+ Rf7 40. Qb2 Rxf4 41. Qg7+ Rf7 42. Qb2 Qd6 43. Be4 Qg3+ 44. Bg2 Qe1+ 45. Kh2 Qf2 46. Qc3 Qf4+ 47. Kg1 Qf2+ 48. Kh2 Qf4+ 49. Kg1 Qd6 50. Qh8 e5 51. Qg8 Qd4+ 52. Kh2 e4 53. Qg6 Qe5+ 54. Kg1 e3 55. Bf1 e2 56. Bxe2 Qxe2 57. Qxh6 Rf1# 0-1


[Site "https://www.chess.com"]

[Event "Titled Tuesday Blitz March 28 Late 2023"]
[White "Dmitrenko, Viktor"]
[Black "Nazari, Arad"]
[WhiteFideId "14110270"]
[BlackFideId "12577324"]
[WhiteElo "2292"]
[BlackElo "2313"]
[Result "0-1"]
[Round "04"]
[TimeControl "180+2"]
[Date "2023.03.28"]
[WhiteClock "0:00:01"]
[BlackClock "0:00:07"]

1. d4 Nf6 2. c4 g6 3. Nc3 d5 4. Nf3 Bg7 5. Bg5 Ne4 6. cxd5 Nxg5 7. Nxg5 e6 8. Qa4+ c6 9. dxc6 Nxc6 10. Nf3 Bd7 11. Qd1 Qb6 12. Qd2 Nxd4 13. O-O-O e5 14. e3 O-O 15. exd4 exd4 16. Nxd4 Rac8 17. Be2 Rfd8 18. Qe3 Re8 19. Qd2 Red8 20. Qe3 Rxc3+ 21. bxc3 Re8 22. Qd2 Rc8 23. Qb2 Qa5 24. Kb1 Rxc3 25. Bb5 Bxd4 26. Rxd4 Bxb5 27. Rhd1 Rc8 28. Rd5 a6 29. h4 Qc7 30. h5 Rf8 31. h6 f6 32. Qd4 Bc6 33. Rd6 Qe7 34. f3 g5 35. Ka1 Qf7 36. Qc3 Qg6 37. Re1 Qxh6 38. Qc4+ Kh8 39. Qd4 Qg7 40. Rd8 h6 41. Qd6 Rxd8 42. Qxd8+ Qg8 43. Qxf6+ Qg7 44. Qxg7+ Kxg7 45. Kb2 Kf6 46. Kc3 h5 47. Re3 Kf5 48. g3 h4 49. gxh4 gxh4 50. Kd4 Kf4 51. Re7 h3 52. Rh7 Kg3 53. f4 h2 54. f5 Bg2 55. f6 Bh3 56. Rxh3+ Kxh3 57. f7 h1=Q 58. f8=Q Qd1+ 59. Kc3 Qc1+ 60. Kb3 Qb1+ 61. Ka3 Kg4 62. Qg7+ Kh5 63. Qe5+ Kg6 64. Qe6+ Kg5 65. Qe5+ Kg4 66. Qg7+ Kf4 67. Qd4+ Kf3 68. Qd5+ Ke2 69. Qc4+ Qd3+ 0-1


[Site "https://www.chess.com"]

[Event "Titled Tuesday Blitz March 28 Late 2023"]
[White "Villiers, Thomas"]
[Black "Zwirs, Nico"]
[WhiteFideId "427209"]
[BlackFideId "1036432"]
[WhiteElo "2164"]
[BlackElo "2381"]
[Result "1/2-1/2"]
[Round "04"]
[TimeControl "180+2"]
[Date "2023.03.28"]
[WhiteClock "0:00:16"]
[BlackClock "0:00:02"]

1. d4 d5 2. c4 e6 3. Nf3 Nf6 4. e3 a6 5. Nbd2 c5 6. cxd5 exd5 7. Bd3 c4 8. Bc2 Nc6 9. O-O b5 10. Re1 Be7 11. e4 dxe4 12. Nxe4 O-O 13. Bg5 Nb4 14. Ne5 Bb7 15. Bxf6 Bxf6 16. Nxf6+ Qxf6 17. Be4 Bxe4 18. Rxe4 Rad8 19. Qh5 g6 20. Qh6 Qg7 21. Qh4 f5 22. Re2 Rd6 23. Nf3 Qf6 24. Ng5 Rd7 25. Rae1 Qxd4 26. Qxd4 Rxd4 27. Ne6 Rd7 28. Nxf8 Kxf8 29. Re8+ Kf7 30. Rh8 Kg7 31. Ra8 Rd2 32. a3 Nd3 33. Rf1 Rxb2 34. Rxa6 c3 35. Rd6 Rd2 36. g3 Nb2 37. Rc6 c2 38. Kg2 Nc4 39. Rc1 Nxa3 40. Rc7+ Kf6 41. Kf3 b4 42. Ke3 Rd1 43. Rc6+ Kg7 44. R1xc2 Nxc2+ 45. Rxc2 Rb1 46. Rc7+ Kh6 47. Rb7 b3 48. Kf3 b2 49. h4 g5 50. hxg5+ Kxg5 51. Rb4 h5 52. Kg2 Kf6 53. Kf3 Ke6 54. Rb5 Kd6 55. Kf4 Kc6 56. Rb8 Kc7 57. Rb3 Kd6 58. Kxf5 Kd5 59. Kg5 Kc4 60. Rb8 Kc3 61. Rc8+ Kd3 62. Rb8 Ke2 63. Kxh5 Rh1+ 64. Kg6 b1=Q+ 65. Rxb1 Rxb1 66. f4 Kf3 67. f5 Ke4 68. g4 Ke5 69. f6 Ke6 70. g5 Rb5 71. f7 Rf5 72. Kg7 Rxf7+ 73. Kg8 Rf5 74. g6 Kf6 75. g7 Rg5 76. Kh8 Rh5+ 77. Kg8 Rb5 78. Kh8 Rh5+ 79. Kg8 Rg5 80. Kh8 Rxg7 1/2-1/2


[Site "https://www.chess.com"]

[Event "Titled Tuesday Blitz March 28 Late 2023"]
[White "Zamorano, Jorge"]
[Black "Delorme, Axel"]
[WhiteFideId "173770"]
[BlackFideId "632023"]
[WhiteElo "2331"]
[BlackElo "2478"]
[Result "1/2-1/2"]
[Round "04"]
[TimeControl "180+2"]
[Date "2023.03.28"]
[WhiteClock "0:00:04"]
[BlackClock "0:00:08"]

1. e4 c5 2. Nf3 d6 3. d4 cxd4 4. Nxd4 Nf6 5. Nc3 a6 6. Bc4 Nbd7 7. Bb3 Nc5 8. f4 Bg4 9. Nf3 e6 10. h3 Bxf3 11. Qxf3 Qc7 12. f5 Nxb3 13. axb3 Be7 14. O-O O-O 15. Bg5 h6 16. Bh4 Rad8 17. Kh1 d5 18. fxe6 fxe6 19. exd5 Nxd5 20. Nxd5 Rxf3 21. Nxc7 Rxf1+ 22. Rxf1 Bxh4 23. Nxe6 Rd2 24. Rf8+ Kh7 25. Rf7 Bf6 26. c4 Be5 27. g4 b5 28. Rb7 Rxb2 29. cxb5 axb5 30. Rxb5 Bg3 31. Kg1 Kg6 32. Nc5 Bf2+ 33. Kf1 Bxc5 34. Rxc5 Rxb3 35. Kg2 Kh7 1/2-1/2


[Site "https://www.chess.com"]

[Event "Titled Tuesday Blitz March 28 Late 2023"]
[White "Hamitevici, Vladimir"]
[Black "Martin Barcelo, Carles"]
[WhiteFideId "13902393"]
[BlackFideId "24561444"]
[WhiteElo "2401"]
[BlackElo "2089"]
[Result "1-0"]
[Round "04"]
[TimeControl "180+2"]
[Date "2023.03.28"]
[WhiteClock "0:00:18"]
[BlackClock "0:00:29"]

1. Nf3 d5 2. c4 e6 3. b3 c5 4. g3 Nf6 5. Bg2 Nc6 6. O-O d4 7. e3 e5 8. exd4 exd4 9. Re1+ Be7 10. d3 O-O 11. Bf4 Re8 12. Na3 a6 13. Nc2 h6 14. h3 Bf5 15. Ne5 Bd7 16. Nxc6 Bxc6 17. Bxc6 bxc6 18. Qf3 Qd7 19. Be5 a5 20. Kg2 Nh7 21. h4 Bd6 22. Bxd6 Qxd6 23. Rxe8+ Rxe8 24. Re1 Rxe1 25. Nxe1 Nf6 26. Qe2 g6 27. Nf3 Kg7 28. Qe5 Qf8 29. g4 Qe8 30. Qxe8 Nxe8 31. Ne5 Kf6 32. Nxc6 a4 33. bxa4 Ke6 34. a5 Kd6 35. Nd8 Ke7 36. Nb7 1-0


[Site "https://www.chess.com"]

[Event "Titled Tuesday Blitz March 28 Late 2023"]
[White "marik_spb"]
[Black "Krstulovic, Alex"]
[BlackFideId "760056"]
[WhiteElo "2401"]
[BlackElo "2311"]
[Result "0-1"]
[Round "04"]
[TimeControl "180+2"]
[Date "2023.03.28"]
[WhiteClock "0:00:06"]
[BlackClock "0:00:18"]

1. d4 Nf6 2. c4 g6 3. Nf3 Bg7 4. g3 O-O 5. Bg2 d6 6. Nc3 Nc6 7. O-O e5 8. dxe5 dxe5 9. Qxd8 Rxd8 10. Bg5 Be6 11. b3 h6 12. Bxf6 Bxf6 13. Ne4 Be7 14. Rad1 f5 15. Nc3 e4 16. Nd2 Bb4 17. Ndb1 Nd4 18. f3 e3 19. f4 c6 20. Kh1 a5 21. Rd3 Nc2 22. Rfd1 Rxd3 23. Rxd3 a4 24. Nxa4 Bxc4 25. bxc4 Rxa4 26. a3 Bc5 27. Rb3 Rxc4 28. Rxb7 Nxa3 29. Nxa3 Rc1+ 30. Bf1 Rxf1+ 31. Kg2 Rf2+ 32. Kh3 Bxa3 33. Rc7 c5 34. g4 Rxf4 35. gxf5 Rxf5 36. Kg4 Rf2 37. h4 Rxe2 38. Kf4 Rf2+ 39. Kxe3 Rf7 40. Rc6 Kg7 41. Ke4 h5 42. Ra6 Bb2 43. Rc6 Bd4 44. Kd5 Rf5+ 45. Ke4 Re5+ 46. Kf4 Rf5+ 47. Ke4 Bf2 48. Rc7+ Kh6 49. Rc6 Bxh4 50. Rc8 Bf6 51. Rc6 Kg5 52. Rc7 Bd4 53. Rh7 h4 54. Rg7 Bxg7 0-1


[Site "https://www.chess.com"]